 Dungeon Crawl Stone Soup version 0.19-a0-746-g995b792 (webtiles) character file.

45 AlphabetPasta the Vexing (level 3, -1/24 HPs)
             Began as a Human Enchanter on June 24, 2016.
             Was an Initiate of Dithmenos.
             Slain by Terence
             ... wielding a +2 trident of piercing
              (3 damage)
             ... on level 2 of the Dungeon.
             The game lasted 00:10:52 (1813 turns).

AlphabetPasta the Vexing (Human Enchanter)          Turns: 1813, Time: 00:10:55

Health: -1/24      AC:  3    Str:  8    XL:     3   Next: 90%
Magic:  2/6        EV: 13    Int: 16    God:    Dithmenos [......]
Gold:   23         SH:  0    Dex: 13    Spells: 3 memorised, 0 levels left

rFire  . . .     SeeInvis .     a - +1 dagger
rCold  . . .     Gourm    .     b - +1 robe
rNeg   . . .     Faith    .     (no shield)
rPois  .         Spirit   .     (no helmet)
rElec  .         Dismiss  .     (no cloak)
rCorr  .         Reflect  .     (no gloves)
SustAt .         Harm     .     (no boots)
MR     .....                    (no amulet)
Stlth  ++........               (no ring)
                                (no ring)

@: not resistant to hostile enchantments, unstealthy
A: no striking features
a: Renounce Religion


You were on level 2 of the Dungeon.
You worshipped Dithmenos.
Dithmenos was noncommittal.
You were not hungry.

You visited 1 branch of the dungeon, and saw 2 of its levels.

You collected 23 gold pieces.

Inventory:

Hand Weapons
 a - a +1 dagger (weapon)
Armour
 b - a +1 robe (worn)
Scrolls
 e - a scroll of amnesia {unknown}
 j - a scroll of fog {unknown}
 k - a scroll of remove curse {unknown}
 n - 2 scrolls of identify {unknown}
 o - a scroll of random uselessness {unknown}
Potions
 g - a potion of haste {unknown}
 h - 2 potions of curing {unknown}
 l - a potion of lignification {unknown}
 m - a potion of heal wounds {unknown}
 p - a potion of flight {unknown}
Books
 c - a book of Maledictions

   Spells                             Type                      Level
   a - Corona                         Hexes                        1
   b - Ensorcelled Hibernation        Hexes/Ice                    2
   c - Confuse                        Hexes                        3
   d - Tukima's Dance                 Hexes                        3
   e - Dazzling Spray                 Conjuration/Hexes            3
Comestibles
 d - 2 bread rations
 f - a slice of pizza
 i - a chunk of flesh


   Skills:
 + Level 1.5 Short Blades
 + Level 2.5 Dodging
 + Level 3.2 Stealth
 + Level 2.2 Spellcasting
 * Level 3.6 Hexes


You couldn't memorise any spells.
You knew the following spells:

 Your Spells              Type           Power        Failure   Level  Hunger
a - Corona                Hex            ##.....      6%          1    #......
b - Ensorcelled Hibernat  Hex/Ice        #.....       17%         2    ###....
c - Confuse               Hex            ##......     14%         3    ###....


Dungeon Overview and Level Annotations

Branches:
Dungeon (2/15)

Altars:
Ashenzari
Dithmenos
Makhleb

Annotations:
D:2 Terence


Message History

The giant gecko bites you. The giant newt closely misses you.
You hit Terence but do no damage.
Terence is heavily wounded.
The giant gecko barely misses you. The giant newt closely misses you.
Terence misses the giant newt.
You barely miss Terence.
Terence is heavily wounded.
The giant gecko bites you. The giant gecko misses you.
You hit Terence but do no damage.
Terence is heavily wounded.
The giant newt bites you.
Terence grins madly.
The giant gecko closely misses you.
You hit Terence.
Terence is severely wounded.
Terence seems less confused.
The giant newt bites you but does no damage.
Terence hits you with a trident of piercing!
* * * LOW HITPOINT WARNING * * *
You die...

# ##...##.........#
###...............#
'.'...............######
###....................#
# #.................$..#
###................!...#
.............>.........#
...............@.l.....#
.......####.....@......#
†).....# #......l.....#
.......# #............#
.(.....####............#
.......................#
.........................
.........................
##....###########.......
#..>.#


You could see Terence, a giant gecko and a giant newt.

Vanquished Creatures
  An adder (D:2)
  A dart slug (D:1)
  A giant gecko (D:1)
  9 bats
  2 giant cockroaches
  2 goblins (D:1)
  4 hobgoblins
  A jackal (D:1)
  5 kobolds
  A giant newt (D:1)
  7 rats
34 creatures vanquished.

Notes
Turn   | Place    | Note
--------------------------------------------------------------
     0 | D:1      | AlphabetPasta the Human Enchanter began the quest for the Orb.
     0 | D:1      | Reached XP level 1. HP: 13/13 MP: 3/3
   260 | D:1      | Reached XP level 2. HP: 12/19 MP: 3/5
   264 | D:1      | Learned a level 2 spell: Ensorcelled Hibernation
   780 | D:1      | Reached XP level 3. HP: 16/24 MP: 4/6
   853 | D:1      | Learned a level 3 spell: Confuse
  1375 | D:2      | Found a faded altar of an unknown god.
  1385 | D:2      | Became a worshipper of Makhleb the Destroyer
  1385 | D:2      | Reached * piety under Makhleb
  1402 | D:2      | Found a shadowy altar of Dithmenos.
  1424 | D:2      | Fell from the grace of Makhleb
  1424 | D:2      | Became a worshipper of Dithmenos the Shadowed
  1734 | D:2      | Found a shattered altar of Ashenzari.
  1792 | D:2      | Noticed Terence
  1813 | D:2      | Slain by Terence

Vault maps used:
D:1:      dpeg_arrival_more_subterranean_lakeside_camping
D:2:      okawaru_metal_pillars_3, overflow_temple_1_default, marbit_many_paths,
          fedhas_altar_4, nicolae_dithmenos_shadow_blocks, ecumenical_altar_1,
          first_bread, uniq_jessica, uniq_terence

Action                   || total
-------------------------++-------
Melee: Dagger            ||   136
 Cast: Corona            ||     6
       Ensorcelled Hiber ||    19
       Confuse           ||     1
 Stab: Sleeping          ||    21
  Eat: Chunk             ||     3
       Beef jerky        ||     1
Armor: Robe              ||    39
Dodge: Dodged            ||   122
